 Dungeon Crawl Stone Soup version 0.27.0-1-g7a089689b8 (webtiles) character file.

Game seed: 14710734169157551360

31 ryw the Skirmisher (level 3, -11/30 HPs)
             Began as a Demonspawn Monk on Aug 12, 2021.
             Mangled by Sigmund (12 damage)
             ... on level 2 of the Dungeon.
             The game lasted 00:02:31 (1494 turns).

ryw the Skirmisher (Demonspawn Monk)                Turns: 1494, Time: 00:02:31

Health: -11/30     AC:  2    Str: 11    XL:     3   Next: 7%
Magic:  3/3        EV: 13    Int: 11    God:
Gold:   25         SH:  0    Dex: 16    Spells: 2/2 levels left

rFire    . . .     SeeInvis .     - Unarmed
rCold    . . .     Faith    .   (no shield)
rNeg     . . .     Spirit   .   a - +0 robe
rPois    .         Reflect  .   (helmet restricted)
rElec    .         Harm     .   (no cloak)
rCorr    .         Rampage  .   (no gloves)
Will     .....                  (no boots)
Stlth    +.........             (no amulet)
HPRegen  0.10/turn              (no ring)
MPRegen  0.08/turn              (no ring)

@: confused
A: claws 1, horns 1
a: no special abilities


You were on level 2 of the Dungeon.
You visited 1 branch of the dungeon, and saw 2 of its levels.

You collected 25 gold pieces.

Inventory:

Armour
 a - a +0 robe (worn)
Scrolls
 b - a scroll of teleportation {unknown}
 c - a scroll of amnesia {unknown}


   Skills:
 + Level 3.6 Fighting
 + Level 3.3 Dodging
 - Level 1.7 Stealth
 * Level 2.7 Unarmed Combat


You had 2 spell levels left.
You didn't know any spells.
Your spell library was empty.

Dungeon Overview and Level Annotations

Branches:
Dungeon (2/15)

Altars:

Annotations:
D:2 Sigmund


Innate Abilities, Weirdness & Mutations

You have sharp fingernails.
You have a pair of small horns on your head.


Message History

c - a scroll labelled JAWKAM NESI As you open the door, it creaks loudly!
An endoplasm comes into view.
There is an open door here.
An endoplasm is nearby!
The endoplasm barely misses you.
You claw the endoplasm!
You kill the endoplasm!
No target in view!
No target in view!
No target in view!
Found a stone staircase leading down.
No target in view!
Sigmund the Dreaded comes into view.
He is wielding a +0 scythe and wearing a +0 robe of willpower.
Sigmund shouts!
Unknown command.
Sigmund casts a spell at you. You resist with significant effort.
Sigmund mumbles some strange words.
Sigmund flickers and vanishes!
Deactivating autopickup; reactivate with Ctrl-A.
You are confused.
You bump into the rock wall.
You bump into the rock wall.
You are more confused.
You aren't carrying any potions.
Unknown command.
You're too confused to move!
Something hits you.
You bump into the rock wall.
Something hits you!
Unknown command.
You bump into the rock wall.
Something hits you!
* * * LOW HITPOINT WARNING * * *
Unknown command.
Unknown command.
You are too confused!
Unknown command.
Unknown command.
Something hits you!
You die...

##...##.####.##....#
....................
##...##.####.##..>.#
##.###.####........
#........####..###
#.###.##.# #... #.#
#.##.# ##.# #. #.###.##.#
#. ###. #@##..##.# ...
#{##.###.# ##.. #.##.#
#.# #... #.##.###.# #..
####........#
#.###..######...###.#####
#.............#.....#
.......######...#####
######. #####


There were no monsters in sight!

Vanquished Creatures
  3 ball pythons
  2 endoplasms
  A goblin (D:1)
  3 hobgoblins
  9 jackals (D:1)
  2 kobolds
  3 bats
  A frilled lizard (D:1)
24 creatures vanquished.

Notes
Turn   | Place    | Note
-------+----------+-------------------------------------------
     0 | D:1      | ryw the Demonspawn Monk began the quest for the Orb.
     0 | D:1      | Reached XP level 1. HP: 18/18 MP: 1/1
   253 | D:1      | Gained mutation: You have a pair of small horns on your
                  | head. [demonic ancestry]
   253 | D:1      | Reached XP level 2. HP: 24/24 MP: 2/2
   826 | D:1      | Found a faded altar of an unknown god.
  1250 | D:2      | Gained mutation: You have sharp fingernails. [demonic
                  | ancestry]
  1250 | D:2      | Reached XP level 3. HP: 17/30 MP: 3/3
  1469 | D:2      | Noticed Sigmund
  1493 | D:2      | HP: 1/30 [something (14)]
  1494 | D:2      | Mangled by Sigmund

Illustrated notes

Levels and vault maps discovered:
D:1:      ebering_trefoil_3fold, layout_basic,
          shapermc_ecumenical_altar_totnotflames, minmay_misc_feat_chi,
          item_on_display_a
D:2:      layout_loops_corners, kennysheep_small_spiral, grunt_ministairs_2,
          uniq_sigmund

Skill      XL: |  1 |
---------------+----+-----
Dodging        | 3 |  3.3
Fighting       | |  3.6
Stealth        | |  1.7
Unarmed Combat | |  2.7

Action                   || total
-------------------------++-------
Melee: Unarmed           ||    79
       Headbutt          ||     7
 Stab: Sleeping          ||     4
Armor: Robe              ||    29
Dodge: Dodged            ||    69
